 Dungeon Crawl Stone Soup version 0.28-a0-1506-g3893175d92 (webtiles) character file.

Game seed: 5082315465779194368

169 comborobin the Spear-Bearer (level 5, -4/41 HPs)
             Began as a Merfolk Delver on Jan 14, 2022.
             Killed by nerve-wracking pain
             ... invoked by Grinder
              (10 damage)
             ... on level 3 of the Dungeon.
             The game lasted 00:05:04 (4112 turns).

comborobin the Spear-Bearer (Merfolk Delver)        Turns: 4112, Time: 00:05:05

Health: -4/41      AC:  4    Str:  9 (12) XL:     5   Next: 50%
Magic:  0/5        EV: 13    Int:  7 (9)  God:
Gold:   172        SH:  0    Dex: 22 (24) Spells: 4/4 levels left

rFire   . . .      SeeInvis .   a - +0 spear
rCold   . . .      Faith    .   (no shield)
rNeg    . . .      Spirit   +   b - +0 leather armour
rPois   .          Reflect  .   f - +0 helmet
rElec   .          Harm     .   (no cloak)
rCorr   .          Rampage  .   (no gloves)
Will    +....                   (no boots)
Stlth   +++.......              i - amulet of guardian spirit
HPRegen 0.13/turn               h - +6 ring of dexterity
MPRegen 0.09/turn               (no ring)

@: no status effects
A: (nimble swimmer 2), mertail, strong-willed 1
a: no special abilities


You were on level 3 of the Dungeon.
You visited 1 branch of the dungeon, and saw 5 of its levels.

You collected 172 gold pieces.

Inventory:

Hand Weapons
 a - a +0 spear (weapon)
Armour
 b - a +0 leather armour (worn)
 f - a +0 helmet (worn)
Jewellery
 h - a +6 ring of dexterity (left hand)
 i - an amulet of guardian spirit (around neck)
 k - a ring of fire
Wands
 g - a wand of digging (2)
Scrolls
 c - 2 scrolls of fog
 d - a scroll of magic mapping


   Skills:
 - Level 3.2 Fighting
 + Level 8.0 Polearms
 - Level 2.6 Dodging
 - Level 5.4 Stealth


You had 4 spell levels left.
You didn't know any spells.
Your spell library contained the following spells:

 Spells                   Type           Power      Damage    Failure   Level
 Ignite Poison            Fire/Tmut/Pois 0%         N/A       89%         3
 Mephitic Cloud           Conj/Pois/Air  0%         N/A       89%         3
 Freezing Cloud           Conj/Ice/Air   0%         6-21      100%        5


Dungeon Overview and Level Annotations

Branches:
Dungeon (5/15)
 Temple: D:4-7

Altars:

Annotations:
D:3 exclusion: gnoll sergeant, Grinder
D:4 Robin


Innate Abilities, Weirdness & Mutations

((You are very nimble when in or above water. (Stealth+, EV+, Speed+++)))
Your lower body shifts to a powerful aquatic tail in water.
You are strong-willed. (Will+)


Message History

You hit Grinder but do no damage.
Grinder is lightly wounded.
Grinder gestures at you. You resist with almost no effort.
You closely miss Grinder.
Grinder is lightly wounded.
Grinder says, "Are you a fish?" Grinder barely misses you.
You closely miss Grinder.
Grinder is lightly wounded.
You barely miss Grinder.
Grinder is lightly wounded.
Grinder gestures at you. Pain shoots through your body!
You hit Grinder.
Grinder is lightly wounded.
Grinder hits you.
You hit Grinder.
Grinder is moderately wounded.
You closely miss Grinder.
Grinder is moderately wounded.
Grinder hits you.
You writhe in agony.
You are too injured to fight recklessly!
You closely miss Grinder.
Grinder is moderately wounded.
Grinder hits you but does no damage.
You hit Grinder but do no damage.
Grinder is moderately wounded.
Grinder hits you.
* * * LOW HITPOINT WARNING * * *
You writhe in agony.
* * * LOW HITPOINT WARNING * * *
You hit Grinder.
Grinder is moderately wounded.
You hit Grinder.
Grinder is moderately wounded.
Grinder blinks!
Grinder gestures at you. Pain shoots through your body!
You die...

######................##.#.##
#.......######......####.....
#.####..# ####.### ###.##
#.####..# ##'## #.## #.##....#
##5..## #... #.##.##.#
##.....## #### #.##.##.##
##.....<.## ##.#
#..[.....####.........####...
####.......<@.ยง.......'......
#.#...####.........####...
#.##.## ##.......## ##.#
#.#### ##.....## #### #.#
##...## #... #.# ##'## #.##
#.# #.# #.# #.# #.# #.# #.#
##.########.#


You could see Grinder.

Vanquished Creatures
  A centaur zombie (D:4)
  6 adders
  2 worms (D:3)
  3 dart slugs
  An orc (D:3)
  7 ball pythons
  8 endoplasms
  11 goblins
  5 hobgoblins
  A jackal (D:2)
  4 kobolds
  6 quokkas
  5 bats
  6 frilled lizards
  2 rats (D:2)
68 creatures vanquished.

Notes
Turn   | Place    | Note
-------+----------+-------------------------------------------
     0 | D:5      | comborobin the Merfolk Delver began the quest for the Orb.
     0 | D:5      | Reached XP level 1. HP: 18/18 MP: 1/1
     4 | D:4      | Noticed a yak
     4 | D:4      | Noticed a yak
     4 | D:4      | Noticed a yak
     4 | D:4      | Noticed a yak
     9 | D:4      | Noticed Robin
   225 | D:2      | Reached skill level 4 in Polearms
   225 | D:2      | Reached XP level 2. HP: 24/24 MP: 2/2
   519 | D:2      | Reached skill level 5 in Polearms
   519 | D:2      | Reached XP level 3. HP: 18/29 MP: 3/3
  1088 | D:2      | Reached skill level 6 in Polearms
  1088 | D:2      | Reached XP level 4. HP: 27/35 MP: 4/4
  2161 | D:3      | Noticed Grinder
  2166 | D:3      | Gained mutation: You are strong-willed. (Will+) [potion of
                  | mutation]
  2169 | D:3      | Reached skill level 7 in Polearms
  2531 | D:4      | Reached XP level 5. HP: 17/41 MP: 2/5
  3220 | D:3      | Reached skill level 8 in Polearms
  3300 | D:3      | Found a faded altar of an unknown god.
  3472 | D:3      | Paralysed by Grinder for 5 turns
  4112 | D:3      | Killed from afar by Grinder

Illustrated notes

Levels and vault maps discovered:
D:1:      dpeg_arrival_rooms_a, layout_basic
D:2:      kennysheep_the_goblin_king, layout_rooms, minmay_pentomino_u4
D:3:      wad_crossroads, layout_loops_corners,
          chequers_ecumenical_altar_twisty, uniq_grinder
D:4:      layout_loops_ring, uniq_robin, uniq_blork_the_orc
D:5:      layout_loops_corners, chequers_serial_rivers_small_3,
          serial_park_tiny_pond

Skill      XL: |  1  2  3  4  5 |
---------------+----------------+-----
Polearms       | 4 5 6 7 8 |  8.0
Fighting       | |  3.2
Dodging        | |  2.6
Stealth        | |  5.4

Action                   |  1- 3 |  4- 6 || total
-------------------------+-------+-------++-------
Melee: Spear             |    88 |   193 ||   281
       Punch             |     1 |     3 ||     4
Evoke: Wand              |     1 |       ||     1
  Use: Potion            |     2 |     5 ||     7
       Scroll            |     1 |     2 ||     3
 Stab: Sleeping          |     3 |    19 ||    22
       Distracted        |       |     1 ||     1
Armor: Skin              |    19 |       ||    19
       Leather armour    |    13 |    24 ||    37
Dodge: Dodged            |    29 |    71 ||   100

Table legend: (Time is in decaauts)
 A = Elapsed time spent in this place.
 B = Non-inter-level travel time spent in this place.
 C = Inter-level travel time spent in this place.
 D = Time resting spent in this place.
 E = Time spent auto-exploring this place.
 F = Levels seen in this place.
 G = Mean time per level.
                   A        B        C        D        E       F      G
               +--------+--------+--------+--------+--------+-----+--------+
         Total |   4040 |   3864 |    176 |    839 |   2110 |   5 |  808.0 |
       Dungeon |   4040 |   3864 |    176 |    839 |   2110 |   5 |  808.0 |
               +--------+--------+--------+--------+--------+-----+--------+

Top non-repeatable levels by time:
     D:3: 1637 daAuts
     D:2: 1382 daAuts
     D:1: 903 daAuts
     D:4: 113 daAuts
     D:5: 4 daAuts
